TOP OF THE 1ST |
Milwaukee Brewers batting - Pitching for Minnesota Twins : RHP Riley Pooley
|
Pitching: RHP Riley Pooley
|
|
Batting: SHB Pat Wilson
|
0-0: Foul Ball, location: 2F 0-1: Ball 1-1: Ground out 6-3 (Groundball, 6M, EV 88.8 MPH)
|
Batting: RHB Akitada Nishizawa
|
0-0: Ball 1-0: Foul Ball, location: 2F 1-1: Foul Ball, location: 3F, Error on foul ball, E3 1-2: Fly out, F6 (Flyball, 6D, EV 90.0 MPH)
|
Batting: SHB Jason Woods
|
0-0: Ball 1-0: Foul Ball, location: 2F 1-1: Called Strike 1-2: Ball 2-2: Ball 3-2: Ground out 4-3 (Groundball, 34, EV 82.5 MPH)
|
Top of the 1st over - 0 runs, 0 hits, 1 error, 0 left on base; Milwaukee 0 - Minnesota 0 |
BOTTOM OF THE 1ST |
Minnesota Twins batting - Pitching for Milwaukee Brewers : RHP John York
|
Pitching: RHP John York
|
|
Batting: RHB Yonetoshi Muranaka
|
0-0: Foul Ball, location: 2F 0-1: DOUBLE (Groundball, 5L, EV 106.3 MPH)
|
Batting: LHB Joel Kunkler
|
0-0: Ground out 3-1 (Groundball, 34S, EV 85.6 MPH) Yonetoshi Muranaka to third
|
Batting: RHB Jared McClernon
|
0-0: Swinging Strike 0-1: Swinging Strike 0-2: SINGLE (Flyball, 5D, EV 88.1 MPH) Yonetoshi Muranaka scores
|
Batting: RHB Jesus Chavez
|
0-0: Called Strike 0-1: Ball 1-1: Fly out, F5 (Flyball, 56D, EV 90.0 MPH)
|
Batting: LHB Kevin Bellman
|
0-0: Ball 1-0: Called Strike Jared McClernon steals 2nd base 1-1: Ball 2-1: Foul Ball, location: 2F 2-2: Fly out, F6 (Flyball, 56D, EV 85.6 MPH)
|
Bottom of the 1st over - 1 run, 2 hits, 0 errors, 1 left on base; Milwaukee 0 - Minnesota 1 |
TOP OF THE 2ND |
Milwaukee Brewers batting - Pitching for Minnesota Twins : RHP Riley Pooley
|
Batting: RHB Bobby Muniz
|
0-0: Ball 1-0: Ball 2-0: SINGLE (Flyball, 34D, EV 100.0 MPH)
|
Batting: LHB Jeff Taylor
|
0-0: 2-RUN HOME RUN (Flyball, 8LXD, EV 105.0 MPH), Distance : 421 ft
|
Batting: RHB Adrian Rudkilde
|
0-0: Ball 1-0: SINGLE (Line Drive, 5D, EV 100.0 MPH)
|
Batting: SHB Jean-François Bernard
|
0-0: Ball 1-0: Called Strike 1-1: Ball 2-1: Ground out 6-3 (Groundball, 6S, EV 70.0 MPH) Adrian Rudkilde to second
|
Batting: RHB Daniel Donovan
|
0-0: Called Strike 0-1: Fly out, F8 (Line Drive, 8LM, EV 94.4 MPH)
|
Batting: RHB Kisho Ito
|
0-0: Foul Ball, location: 2F 0-1: Ball 1-1: Ball 2-1: Called Strike 2-2: Foul Ball, location: 2F 2-2: Fly out, F9 (Flyball, 9, EV 77.5 MPH)
|
Top of the 2nd over - 2 runs, 3 hits, 0 errors, 1 left on base; Milwaukee 2 - Minnesota 1 |
BOTTOM OF THE 2ND |
Minnesota Twins batting - Pitching for Milwaukee Brewers : RHP John York
|
Batting: SHB Buster Hyman
|
0-0: Reached on error, E4 (Groundball, 4, EV 88.8 MPH)
|
Batting: LHB Sadamu Noguchi
|
0-0: Swinging Strike 0-1: Swinging Strike 0-2: Foul Ball, location: 2F 0-2: Strikes out looking
|
Batting: RHB Väinö Tapaninen
|
0-0: Ground out 5-3 (Groundball, 56, EV 81.9 MPH)
|
Batting: RHB Josh Zoglmann
|
0-0: Ground out 6-3 (Groundball, 6, EV 110.0 MPH)
|
Bottom of the 2nd over - 0 runs, 0 hits, 1 error, 1 left on base; Milwaukee 2 - Minnesota 1 |
TOP OF THE 3RD |
Milwaukee Brewers batting - Pitching for Minnesota Twins : RHP Riley Pooley
|
Batting: SHB Pat Wilson
|
0-0: Ball 1-0: Ball 2-0: Ball 3-0: Called Strike 3-1: Called Strike 3-2: Ground out 2-3 (Groundball, 2L, EV 66.9 MPH)
|
Batting: RHB Akitada Nishizawa
|
0-0: Called Strike 0-1: Foul Ball, location: 2F 0-2: Strikes out swinging
|
Batting: SHB Jason Woods
|
0-0: Ball 1-0: Foul Ball, location: 2F 1-1: Ground out U3 (Groundball, 3, EV 79.4 MPH)
|
Top of the 3rd over - 0 runs, 0 hits, 0 errors, 0 left on base; Milwaukee 2 - Minnesota 1 |
BOTTOM OF THE 3RD |
Minnesota Twins batting - Pitching for Milwaukee Brewers : RHP John York
|
Batting: RHB Yonetoshi Muranaka
|
0-0: Ball 1-0: Foul Ball, location: 2F 1-1: Ground out 6-3 (Groundball, 6, EV 83.8 MPH)
|
Batting: LHB Joel Kunkler
|
0-0: Ball 1-0: Swinging Strike 1-1: Called Strike 1-2: Ball 2-2: SOLO HOME RUN (Flyball, 89XD, EV 112.5 MPH), Distance : 425 ft
|
Batting: RHB Jared McClernon
|
0-0: Ball 1-0: Foul Ball, location: 2F 1-1: Foul Ball, location: 2F 1-2: Ball 2-2: Ball 3-2: Foul Ball, location: 2F 3-2: Ground out 5-3 (Groundball, 56S, EV 87.5 MPH)
|
Batting: RHB Jesus Chavez
|
0-0: Ball 1-0: Called Strike 1-1: Ball 2-1: Foul Ball, location: 2F 2-2: Strikes out looking
|
Bottom of the 3rd over - 1 run, 1 hit, 0 errors, 0 left on base; Milwaukee 2 - Minnesota 2 |
TOP OF THE 4TH |
Milwaukee Brewers batting - Pitching for Minnesota Twins : RHP Riley Pooley
|
Batting: RHB Bobby Muniz
|
0-0: Called Strike 0-1: Ball 1-1: Swinging Strike 1-2: Ball 2-2: Foul Ball, location: 2F 2-2: Ball 3-2: Fly out, F3 (Popup, 3D, EV 71.9 MPH)
|
Batting: LHB Jeff Taylor
|
0-0: Ball 1-0: Ball 2-0: SINGLE (Groundball, 5S, EV 73.8 MPH) (infield hit)
|
Batting: RHB Adrian Rudkilde
|
0-0: Called Strike 0-1: Ball 1-1: Called Strike Jeff Taylor steals 2nd base (no throw) 1-2: Ball 2-2: SINGLE (Groundball, 6MD, EV 98.1 MPH) Jeff Taylor to third Runner from 3rd tries for Home, throw by CF and OUT! 8-2 Adrian Rudkilde to second
|
Batting: SHB Jean-François Bernard
|
0-0: Called Strike 0-1: Ball 1-1: Ball 2-1: Foul Ball, location: 2F 2-2: SINGLE (Groundball, 4MD, EV 91.9 MPH) (infield hit) Adrian Rudkilde to third
|
Batting: RHB Daniel Donovan
|
0-0: Called Strike 0-1: Ball 1-1: Fly out, F5 (Flyball, 56D, EV 90.0 MPH)
|
Top of the 4th over - 0 runs, 3 hits, 0 errors, 2 left on base; Milwaukee 2 - Minnesota 2 |
BOTTOM OF THE 4TH |
Minnesota Twins batting - Pitching for Milwaukee Brewers : RHP John York
|
Batting: LHB Kevin Bellman
|
0-0: Called Strike 0-1: Ball 1-1: Ground out 6-3 (Groundball, 6M, EV 86.9 MPH)
|
Batting: SHB Buster Hyman
|
0-0: Ball 1-0: Swinging Strike 1-1: Called Strike 1-2: Ball 2-2: Strikes out swinging
|
Batting: LHB Sadamu Noguchi
|
0-0: Swinging Strike 0-1: Ball 1-1: SOLO HOME RUN (Flyball, 78XD, EV 96.3 MPH), Distance : 392 ft
|
Batting: RHB Väinö Tapaninen
|
0-0: Ball 1-0: Called Strike 1-1: Ball 2-1: SINGLE (Line Drive, 7S, EV 103.1 MPH)
|
Batting: RHB Josh Zoglmann
|
0-0: Ball 1-0: Ball 2-0: Ball 3-0: Called Strike 3-1: Called Strike 3-2: SINGLE (Line Drive, 4MD, EV 102.5 MPH) Väinö Tapaninen to second Väinö Tapaninen to third
|
Batting: RHB Yonetoshi Muranaka
|
0-0: Ball 1-0: Ball 2-0: Ball 3-0: Called Strike 3-1: Fielders Choice at 2nd, 5-4 (Groundball, 56, EV 98.8 MPH)
|
Bottom of the 4th over - 1 run, 3 hits, 0 errors, 2 left on base; Milwaukee 2 - Minnesota 3 |
TOP OF THE 5TH |
Milwaukee Brewers batting - Pitching for Minnesota Twins : RHP Riley Pooley
|
Batting: RHB Kisho Ito
|
0-0: Fly out, F6 (Line Drive, 6, EV 67.5 MPH)
|
Batting: SHB Pat Wilson
|
0-0: Called Strike 0-1: Ground out 4-3 (Groundball, 4, EV 111.3 MPH)
|
Batting: RHB Akitada Nishizawa
|
0-0: Called Strike 0-1: Called Strike 0-2: Foul Ball, location: 2F 0-2: Ball 1-2: Foul Ball, location: 2F 1-2: Foul Ball, location: 2F 1-2: Ground out 5-3 (Groundball, 56, EV 81.3 MPH)
|
Top of the 5th over - 0 runs, 0 hits, 0 errors, 0 left on base; Milwaukee 2 - Minnesota 3 |
BOTTOM OF THE 5TH |
Minnesota Twins batting - Pitching for Milwaukee Brewers : RHP John York
|
Batting: LHB Joel Kunkler
|
0-0: Ground out 6-3 (Groundball, 6M, EV 85.0 MPH)
|
Batting: RHB Jared McClernon
|
0-0: Called Strike 0-1: Ball 1-1: Ball 2-1: Foul Ball, location: 2F 2-2: Foul Ball, location: 2F 2-2: Ground out 5-3 (Groundball, 56S, EV 83.8 MPH)
|
Batting: RHB Jesus Chavez
|
0-0: Ground out 4-3 (Groundball, 4, EV 86.3 MPH)
|
Bottom of the 5th over - 0 runs, 0 hits, 0 errors, 0 left on base; Milwaukee 2 - Minnesota 3 |
TOP OF THE 6TH |
Milwaukee Brewers batting - Pitching for Minnesota Twins : RHP Riley Pooley
|
Batting: SHB Jason Woods
|
0-0: Ball 1-0: Called Strike 1-1: Called Strike 1-2: SINGLE (Groundball, 4MD, EV 97.5 MPH)
|
Batting: RHB Bobby Muniz
|
0-0: Ground out 4-3 (Groundball, 4, EV 103.1 MPH) Jason Woods to second
|
Batting: LHB Jeff Taylor
|
0-0: Ball 1-0: Ball 2-0: Ball 3-0: Called Strike 3-1: Foul Ball, location: 2F 3-2: Fly out, F8 (Flyball, 8RM, EV 92.5 MPH)
|
Batting: RHB Adrian Rudkilde
|
0-0: Called Strike 0-1: Ball 1-1: Ball 2-1: Ground out 5-3 (Groundball, 56, EV 105.0 MPH)
|
Top of the 6th over - 0 runs, 1 hit, 0 errors, 1 left on base; Milwaukee 2 - Minnesota 3 |
BOTTOM OF THE 6TH |
Minnesota Twins batting - Pitching for Milwaukee Brewers : RHP John York
|
Batting: LHB Kevin Bellman
|
0-0: Called Strike 0-1: SINGLE (Groundball, 4D, EV 100.6 MPH)
|
Batting: SHB Buster Hyman
|
0-0: Ground out U3 (Groundball, 3, EV 91.3 MPH) Kevin Bellman to second
|
Batting: LHB Sadamu Noguchi
|
0-0: DOUBLE (Groundball, 5L, EV 96.3 MPH) Kevin Bellman scores
|
Batting: RHB Väinö Tapaninen
|
0-0: 2-RUN HOME RUN (Line Drive, 7D, EV 98.8 MPH), Distance : 381 ft
|
Pitching: LHP Jamie Blake
|
|
Batting: RHB Josh Zoglmann
|
0-0: Called Strike 0-1: Ball 1-1: Called Strike 1-2: Foul Ball, location: 2F 1-2: Fly out, F9 (Line Drive, 89S, EV 103.8 MPH)
|
Batting: RHB Yonetoshi Muranaka
|
0-0: Called Strike 0-1: SOLO HOME RUN (Line Drive, 78XD, EV 106.3 MPH), Distance : 395 ft
|
Batting: LHB Joel Kunkler
|
0-0: Called Strike 0-1: Foul Ball, location: 2F 0-2: Ball 1-2: Foul Ball, location: 2F 1-2: Ball 2-2: Ball 3-2: Fly out, F8 (Flyball, 8RS, EV 88.1 MPH)
|
Bottom of the 6th over - 4 runs, 4 hits, 0 errors, 0 left on base; Milwaukee 2 - Minnesota 7 |
TOP OF THE 7TH |
Milwaukee Brewers batting - Pitching for Minnesota Twins : RHP Riley Pooley
|
Batting: SHB Jean-François Bernard
|
0-0: Ball 1-0: Ball 2-0: Swinging Strike 2-1: Ball 3-1: Base on Balls
|
Pitching: RHP Oscar Zuniga
|
|
Batting: RHB Daniel Donovan
|
0-0: Called Strike 0-1: Ball 1-1: Foul Ball, location: 2F 1-2: Strikes out swinging
|
Batting: RHB Kisho Ito
|
0-0: Ball Jean-François Bernard steals 2nd base 1-0: Fly out, F8 (Line Drive, 8RM, EV 90.6 MPH)
|
Batting: SHB Pat Wilson
|
0-0: Ball 1-0: Foul Ball, location: 2F 1-1: Ball 2-1: Swinging Strike 2-2: Ball 3-2: Base on Balls
|
Batting: RHB Akitada Nishizawa
|
0-0: Ball 1-0: Called Strike 1-1: Ball 2-1: Swinging Strike 2-2: Fielders Choice at 2nd, 6-4 (Groundball, 6, EV 105.6 MPH)
|
Top of the 7th over - 0 runs, 0 hits, 0 errors, 2 left on base; Milwaukee 2 - Minnesota 7 |
BOTTOM OF THE 7TH |
Minnesota Twins batting - Pitching for Milwaukee Brewers : LHP Jamie Blake
|
Batting: RHB Jared McClernon
|
0-0: Foul Ball, location: 2F 0-1: Foul Ball, location: 2F 0-2: Foul Ball, location: 2F 0-2: Ball 1-2: Ground out 6-3 (Groundball, 6, EV 105.0 MPH)
|
Batting: RHB Jesus Chavez
|
0-0: Called Strike 0-1: Ball 1-1: Ball 2-1: Called Strike 2-2: Strikes out swinging
|
Batting: LHB Kevin Bellman
|
0-0: Ball 1-0: Ground out 6-3 (Groundball, 6, EV 80.0 MPH)
|
Bottom of the 7th over - 0 runs, 0 hits, 0 errors, 0 left on base; Milwaukee 2 - Minnesota 7 |
TOP OF THE 8TH |
Milwaukee Brewers batting - Pitching for Minnesota Twins : RHP Oscar Zuniga
|
Batting: SHB Jason Woods
|
0-0: Swinging Strike 0-1: Fly out, F7 (Flyball, 7, EV 90.6 MPH)
|
Batting: RHB Bobby Muniz
|
0-0: Ball 1-0: Reached on error, E2 (Groundball, 2L, EV 68.8 MPH)
|
Batting: LHB Jeff Taylor
|
0-0: Called Strike 0-1: Called Strike 0-2: Ball 1-2: 2-RUN HOME RUN (Flyball, 9LD, EV 94.4 MPH), Distance : 353 ft
|
Batting: RHB Adrian Rudkilde
|
0-0: Swinging Strike 0-1: Fly out, F8 (Line Drive, 8LM, EV 104.4 MPH)
|
Batting: SHB Jean-François Bernard
|
0-0: Fly out, F9 (Flyball, 89S, EV 98.1 MPH)
|
Top of the 8th over - 2 runs, 1 hit, 1 error, 0 left on base; Milwaukee 4 - Minnesota 7 |
BOTTOM OF THE 8TH |
Minnesota Twins batting - Pitching for Milwaukee Brewers : LHP Jamie Blake
|
Batting: SHB Buster Hyman
|
0-0: Ball 1-0: SINGLE (Flyball, 56D, EV 89.4 MPH)
|
Batting: LHB Sadamu Noguchi
|
0-0: Ball 1-0: Fly out, F4 (Popup, 4, EV 63.8 MPH)
|
Batting: RHB Väinö Tapaninen
|
0-0: Ball Buster Hyman steals 2nd base 1-0: Ground out 6-3 (Groundball, 6, EV 86.9 MPH) Buster Hyman to third
|
Batting: RHB Josh Zoglmann
|
0-0: Swinging Strike 0-1: Ball 1-1: Fly out, F7 (Flyball, 78S, EV 83.1 MPH)
|
Bottom of the 8th over - 0 runs, 1 hit, 0 errors, 1 left on base; Milwaukee 4 - Minnesota 7 |
TOP OF THE 9TH |
Milwaukee Brewers batting - Pitching for Minnesota Twins : RHP Oscar Zuniga
|
Pitching: RHP Mario Arce
|
|
Batting: RHB Daniel Donovan
|
0-0: Called Strike 0-1: Foul Ball, location: 2F 0-2: Foul Ball, location: 2F 0-2: Ball 1-2: Ground out 1-3 (Groundball, 23, EV 62.5 MPH)
|
Batting: RHB Kisho Ito
|
0-0: Called Strike 0-1: Ground out U3 (Groundball, 34, EV 81.3 MPH)
|
Batting: SHB Pat Wilson
|
0-0: Called Strike 0-1: Swinging Strike 0-2: Ball 1-2: Strikes out swinging
|
Top of the 9th over - 0 runs, 0 hits, 0 errors, 0 left on base; Milwaukee 4 - Minnesota 7 |
|